Map: 2000 애트모스피어 - 래더

Players

Solar - Winner!

  • Race: Zerg Zerg
  • League: Master

Bunny

  • Race: Terran Terran

Event: DreamHack SC2 Masters Last Chance 2022

VOD

Have the link to the VOD?

Description

Time

  • Played on: Dec. 15, 2021, 7:09 a.m.
  • Length: 15:47

All games in this series

Show
View Real Time Build Order
Export as new Build Order

Solar Zerg - Winner!

Build Orders: Pool First, Lurkers 

Get SALT Encoding   

  12  0:00  Drone  
  13  0:12  Overlord  
  13  0:16  Drone  
  14  0:31  Drone x2  
  14  0:34  Drone  
  17  0:43  Extractor  
  17  0:45  Spawning Pool  
  17  0:49  Drone  
  16  0:55  Drone  
  17  1:06  Drone  
  18  1:17  Hatchery  
  17  1:32  Zergling x4  
  19  1:36  Queen  
  21  1:43  Metabolic Boost  
  21  1:49  Overlord  
  21  1:57  Drone  
  22  2:09  Drone  
  22  2:11  Queen  
  22  2:12  Drone  
  26  2:21  Drone  
  27  2:30  Drone  
  27  2:32  Drone  
  29  2:43  Drone  
  30  2:45  Drone x2  
  30  2:47  Hatchery  
  31  2:51  Drone  
  31  2:54  Overlord  
  32  3:00  Queen  
  32  3:02  Drone  
  32  3:04  Drone  
  36  3:14  Drone x2  
  36  3:19  Drone x4  
  42  3:26  Drone  
  43  3:29  Roach Warren  
  43  3:30  Overlord  
  43  3:34  Drone  
  43  3:41  Drone  
  44  3:53  Drone  
  44  3:54  Drone x2  
  44  3:55  Drone  
  48  3:56  Drone x2, Extractor  
  48  3:57  Queen  
  48  3:58  Overlord x2  
  48  4:00  Drone  
  52  4:04  Drone  
  53  4:13  Drone  
  53  4:16  Drone  
  55  4:18  Queen  
  55  4:19  Roach x2  
  55  4:20  Lair  
  55  4:22  Roach  
  55  4:23  Roach  
  65  4:25  Roach  
  65  4:26  Extractor  
  65  4:27  Drone  
  65  4:28  Drone  
  65  4:29  Drone  
  68  4:33  Drone  
  68  4:34  Spore Crawler  
  68  4:38  Roach  
  70  4:41  Overlord  
  70  4:42  Roach  
  70  4:44  Drone  
  70  4:45  Overlord  
  73  4:50  Overlord  
  73  4:58  Drone  
  80  5:00  Roach x4  
  80  5:01  Extractor  
  80  5:02  Overlord  
  80  5:03  Drone x3  
  84  5:07  Overlord  
  84  5:11  Drone x3  
  84  5:12  Drone  
  88  5:15  Overlord  
  88  5:19  Glial Reconstitution  
  88  5:20  Drone x2  
  90  5:28  Evolution Chamber  
  89  5:30  Drone x4, Overseer  
  89  5:32  Evolution Chamber  
  89  5:34  Drone  
  93  5:38  Roach  
  93  5:39  Roach x2  
  93  5:42  Extractor  
  98  5:45  Overlord  
  98  5:47  Extractor  
  98  5:48  Drone x2  
  98  5:49  Drone  
  100  5:51  Overlord  
  100  5:53  Roach x3  
  100  5:55  Drone  
  100  5:57  Zerg Missile Weapons Level 1  
  107  6:01  Zerg Ground Armor Level 1  
  107  6:03  Drone x2  
  109  6:08  Roach x4  
  109  6:09  Overseer  
  109  6:11  Roach  
  113  6:15  Drone x3  
  112  6:21  Overlord  
  112  6:23  Infestation Pit  
  111  6:32  Hatchery  
  109  6:34  Drone  
  109  6:36  Roach x4  
  109  6:38  Spore Crawler  
  109  6:39  Overlord  
  117  6:41  Drone  
  117  6:44  Roach x3  
  117  6:46  Roach  
  126  6:47  Zergling x2  
  126  6:50  Drone  
  126  6:51  Overlord  
  129  6:56  Overlord  
  129  6:58  Hatchery  
  129  7:00  Ravager  
  129  7:01  Ravager x2  
  131  7:02  Drone x4  
  131  7:03  Drone  
  131  7:07  Hydralisk Den  
  135  7:09  Hive  
  135  7:11  Drone x3  
  135  7:13  Drone  
  137  7:16  Roach  
  139  7:23  Roach x2  
  139  7:28  Extractor, Overlord  
  142  7:30  Extractor  
  142  7:32  Zergling x8  
  142  7:35  Drone  
  146  7:39  Queen  
  146  7:43  Roach x2  
  150  7:46  Drone x3  
  150  7:47  Drone x2, Lurker Den  
  153  7:54  Overlord  
  153  7:55  Zergling x12  
  159  8:00  Zerg Missile Weapons Level 2, Zerg Ground Armor Level 2  
  159  8:03  Drone  
  157  8:11  Drone, Hydralisk x3  
  164  8:15  Overlord  
  164  8:19  Drone x2  
  166  8:20  Drone  
  166  8:22  Drone  
  166  8:26  Zergling x6, Viper  
  171  8:27  Viper  
  171  8:33  Zergling x4  
  175  8:34  Drone x2  
  175  8:38  Overlord  
  175  8:39  Spore Crawler  
  175  8:40  Hatchery  
  175  8:45  Zergling x2  
  175  8:46  Zergling x14  
  183  8:49  Adaptive Talons  
  183  8:50  Muscular Augments  
  183  8:54  Overlord  
  183  8:55  Lurker x3  
  186  8:58  Hydralisk x2  
  189  9:06  Spine Crawler  
  189  9:07  Spore Crawler  
  189  9:08  Hydralisk x2  
  189  9:09  Hydralisk x2  
  195  9:13  Zergling x8  
  190  9:26  Hydralisk x3  
  190  9:28  Zergling x6  
  190  9:29  Zergling x6  
  197  9:33  Drone  
  197  9:35  Lurker x3  
  199  9:46  Seismic Spines  
  199  9:56  Lurker x6  
  199  9:58  Hydralisk  
  199  9:59  Hydralisk  
  198  10:03  Zergling x4  
  199  10:11  Drone x2, Extractor  
  199  10:12  Pneumatized Carapace  
  199  10:13  Drone  
  199  10:14  Drone  
  194  10:15  Drone  
  177  10:31  Hydralisk x3  
  177  10:33  Zergling x12  
  181  10:40  Hydralisk x3  
  181  10:42  Zergling x18  
  196  10:43  Zergling x10  
  197  10:52  Lurker x2  
  197  10:56  Hatchery  
  198  11:07  Roach x3  
  198  11:10  Hatchery  
  198  11:11  Hydralisk x4, Zerg Missile Weapons Level 3, Zerg Melee Weapons Level 1  
  193  11:12  Roach x4  
  193  11:18  Roach x2  
  198  11:24  Hydralisk x2  
  199  11:27  Zergling x6  
  199  11:30  Lurker x5  
  198  11:38  Zergling x6  
  196  11:48  Hydralisk x3  
  195  11:57  Zergling x8  
  198  12:11  Hydralisk  
  198  12:24  Spore Crawler, Extractor  
  198  12:27  Lurker x3  
  199  12:35  Hatchery  
  198  12:39  Roach x2  
  193  12:46  Zergling x12  
  196  12:52  Zergling x8  
  198  13:03  Lurker x4  
  198  13:04  Hydralisk x2  
  196  13:05  Zerg Ground Armor Level 3  
  196  13:07  Hydralisk x2  
  196  13:08  Zergling x2  
  200  13:19  Baneling Nest  
  196  13:20  Zergling x8  
  196  13:21  Zergling x8  
  199  13:33  Hydralisk  
  200  13:41  Zergling x6  
  198  13:50  Hydralisk x3  
  198  13:53  Zergling x4  
  198  13:54  Zergling x20  
  198  13:56  Queen  
  198  13:59  Zergling x6  
  198  14:01  Centrifugal Hooks  
  198  14:02  Hatchery  
  195  14:04  Hydralisk x2, Baneling x4  
  195  14:06  Overseer  
  195  14:07  Nydus Network  
  192  14:17  Hydralisk x6  
  192  14:23  Hydralisk x3  
  173  14:29  Hydralisk x5  
  173  14:30  Hydralisk  
  173  14:37  Hydralisk x4  
  181  14:39  Lurker x3  
  181  14:40  Zergling x8  
  181  14:44  Hydralisk  
  186  14:50  Nydus Canal  
  187  14:52  Lurker x2  
  187  14:53  Lurker x6  
  187  14:59  Zergling x6  
  189  15:02  Zergling x2  
  189  15:03  Zergling x4  
  189  15:07  Zergling x4  
  182  15:09  Nydus Canal  
  182  15:10  Zergling x2  
  182  15:12  Viper  
  173  15:17  Zergling x4  
  173  15:18  Zergling x2  
  173  15:20  Hatchery  
  175  15:23  Zergling x8  
  175  15:24  Zergling x2  
  178  15:28  Zergling x6  
Show
View Real Time Build Order
Export as new Build Order

Bunny Terran 

Build Orders: Reaper Expand 

Get SALT Encoding   

  12  0:00  SCV  
  13  0:12  SCV  
  14  0:16  Supply Depot  
  14  0:24  SCV  
  15  0:38  SCV  
  15  0:39  Barracks  
  15  0:42  Refinery  
  16  0:50  SCV  
  17  1:02  SCV  
  18  1:14  SCV  
  19  1:26  Reaper, Orbital Command  
  20  1:37  Command Center  
  20  1:49  Barracks  
  20  1:52  SCV  
  21  1:59  Barracks Reactor  
  21  2:03  Supply Depot  
  21  2:06  SCV  
  22  2:12  Refinery  
  22  2:18  SCV  
  23  2:23  Factory  
  23  2:30  SCV  
  23  2:36  Marine x2  
  23  2:37  Barracks Tech Lab  
  26  2:42  SCV  
  27  2:49  Orbital Command  
  27  2:54  SCV, Marine  
  27  2:55  Marine  
  30  3:01  Stimpack  
  30  3:04  Marine  
  31  3:08  SCV  
  32  3:15  SCV  
  32  3:19  Starport  
  33  3:20  SCV  
  33  3:24  Marine x3  
  37  3:27  Factory Reactor  
  37  3:29  SCV  
  37  3:32  SCV  
  39  3:36  Supply Depot  
  39  3:42  SCV, Marine x3  
  39  3:44  SCV  
  44  3:54  SCV  
  45  3:56  SCV  
  45  3:57  Supply Depot  
  45  4:00  Marine x3  
  49  4:07  SCV, Medivac  
  49  4:08  Medivac  
  54  4:11  Supply Depot  
  54  4:18  SCV, Marine x3  
  54  4:21  SCV  
  54  4:22  Supply Depot  
  59  4:30  SCV  
  60  4:33  SCV  
  61  4:40  Command Center  
  61  4:42  SCV  
  61  4:43  Combat Shield  
  62  4:46  Marine  
  62  4:47  Widow Mine, Marine x2  
  62  4:48  SCV  
  68  4:56  Armory  
  68  4:58  Medivac  
  70  5:02  SCV x2  
  70  5:06  Refinery x2, Marine x3  
  75  5:09  Factory Tech Lab  
  75  5:12  Engineering Bay  
  75  5:13  Engineering Bay  
  75  5:18  SCV x2  
  75  5:24  Marine x3  
  75  5:27  Barracks  
  76  5:30  SCV x2  
  76  5:31  Supply Depot, Starport Reactor  
  78  5:47  SCV  
  78  5:51  SCV, Siege Tank, Marine x3  
  78  5:55  Terran Infantry Weapons Level 1, Terran Infantry Armor Level 1  
  85  5:59  Supply Depot  
  85  6:01  SCV  
  85  6:03  SCV  
  87  6:09  Marine x3  
  87  6:14  SCV  
  87  6:16  Orbital Command  
  87  6:22  Marine x2  
  87  6:23  Siege Tank  
  92  6:26  Medivac  
  92  6:27  Marine x3, Barracks  
  92  6:28  Barracks  
  92  6:29  Medivac  
  99  6:34  SCV x2  
  101  6:42  Armory  
  101  6:44  Supply Depot, Marine x2  
  101  6:45  SCV, Marine x3  
  101  6:46  SCV x2  
  109  6:50  Supply Depot  
  106  6:56  Siege Tank  
  106  6:59  SCV x2  
  109  7:05  Marine x4  
  109  7:06  SCV  
  109  7:07  Supply Depot  
  109  7:08  Supply Depot x2  
  114  7:13  Marauder  
  117  7:16  Barracks Reactor  
  117  7:17  Barracks Reactor  
  117  7:19  Factory, SCV  
  117  7:20  Supply Depot  
  117  7:21  SCV  
  117  7:23  Marine x2  
  117  7:28  Siege Tank  
  122  7:35  Marauder  
  124  7:39  Marine x2  
  124  7:41  Marine  
  126  7:45  SCV x3  
  126  7:46  Terran Vehicle Weapons Level 1  
  126  7:48  Supply Depot x2, Refinery x2  
  126  7:49  Supply Depot  
  126  7:50  Marine  
  129  7:55  Marine x3  
  129  7:56  Marauder  
  129  7:57  Marine x2  
  133  8:00  Siege Tank  
  133  8:05  Marine x2  
  137  8:07  Concussive Shells, Factory Tech Lab  
  137  8:08  Terran Infantry Weapons Level 2  
  137  8:10  SCV x3  
  140  8:14  Terran Infantry Armor Level 2  
  140  8:22  SCV x3  
  140  8:24  Marine  
  140  8:25  Marine x6  
  140  8:27  Marine  
  152  8:30  Marauder  
  152  8:34  Siege Tank x2  
  158  8:42  Medivac  
  158  8:43  Medivac  
  158  8:47  Marine  
  158  8:48  Marine x7  
  170  8:51  Marauder  
  170  8:54  Supply Depot x2  
  170  8:55  Supply Depot  
  172  9:01  Command Center  
  172  9:05  Marine  
  172  9:07  Sensor Tower  
  172  9:08  Marine  
  172  9:09  Marine x4  
  178  9:12  Marauder  
  178  9:14  Medivac  
  178  9:16  Medivac  
  182  9:17  Siege Tank  
  182  9:22  Siege Tank  
  176  9:32  Marine  
  176  9:33  Marine x6  
  176  9:34  Marauder, Marine  
  186  9:41  SCV x3  
  188  9:48  Medivac  
  188  9:49  Ghost Academy, Siege Tank  
  193  9:54  Medivac, Siege Tank  
  195  10:03  Marauder  
  197  10:07  Marine x5  
  195  10:25  Siege Tank  
  195  10:26  Siege Tank  
  182  10:32  Marauder  
  183  10:36  Marine x2  
  183  10:37  Marine x4  
  179  10:48  Barracks x3  
  175  10:54  Ghost  
  175  10:55  Marine x7  
  176  11:01  Siege Tank x2  
  182  11:10  Marine  
  174  11:13  Marine x5  
  170  11:19  SCV x3  
  170  11:20  Planetary Fortress  
  170  11:21  Refinery  
  170  11:23  Marauder, Refinery  
  172  11:33  Siege Tank x2  
  172  11:37  Marine x6  
  172  11:38  Barracks Tech Lab x3  
  183  11:40  Terran Infantry Weapons Level 3  
  183  11:45  Marauder  
  176  11:58  Ghost x2  
  180  12:07  Marine x3  
  180  12:08  Marine x2  
  177  12:11  Ghost  
  177  12:13  Liberator  
  177  12:16  Liberator  
  177  12:18  Orbital Command  
  179  12:25  Ghost  
  181  12:41  Supply Depot x2  
  181  12:42  Supply Depot  
  173  12:57  Ghost x2  
  173  12:58  Missile Turret, Ghost  
  172  13:00  Marine  
  172  13:01  Siege Tank, Marine x2  
  172  13:02  Marine  
  173  13:08  SCV x2, Marine x5  
  174  13:18  Marine x3  
  174  13:20  SCV  
  174  13:22  Siege Tank  
  174  13:25  SCV  
  178  13:28  Supply Depot  
  178  13:29  Supply Depot  
  178  13:32  Marine  
  178  13:33  Siege Tank  
  177  13:35  Orbital Command  
  177  13:36  Marauder x3  
  177  13:38  SCV  
  182  13:50  SCV  
  182  13:54  Siege Tank  
  164  13:58  Medivac x2  
  164  14:00  SCV x2  
  164  14:02  SCV  
  170  14:10  Marauder  
  170  14:11  Marauder x2  
  170  14:12  SCV  
  156  14:24  Siege Tank  
  156  14:27  Siege Tank  
  142  14:33  SCV x3  
  144  14:45  SCV  
  145  14:46  Missile Turret  
  145  14:51  Marauder x4  
  153  14:57  Marine x3  
  150  15:07  Siege Tank x2  
  150  15:11  Orbital Command  
  140  15:25  Missile Turret x2  

Tags
 
Add a new tag
Caveats
  • Supply blocks, unpowered buildings, or Contaminate may cause inaccurate times.
  • Supply counts are checked every 10 seconds.